 Dungeon Crawl Stone Soup version 0.18-a0-486-gab6c0bd (webtiles) character file.

562 M4edhros the Sneak (level 7, -5/43 HPs)
             Began as an Octopode Artificer on Dec 2, 2015.
             Slain by a wyvern skeleton (13 damage)
             ... on level 7 of the Dungeon.
             The game lasted 00:04:18 (3106 turns).

M4edhros the Sneak (Octopode Artificer)             Turns: 3106, Time: 00:04:18

Health: -5/43      AC:  4    Str: 11    XL:     7   Next: 32%
Magic:  12/12      EV: 12    Int: 16    God:
Gold:   191        SH:  0    Dex: 15    Spells: 0 memorised, 6 levels left

rFire  . . .     SeeInvis .     p - +0 rapier
rCold  . . .     Clarity  .     (no shield)
rNeg   . . .     SustAt   .     (helmet restricted)
rPois  .         Gourm    .     (no amulet)
rElec  .         Spirit   .     m - +3 ring of dexterity
rCorr  .         Dismiss  .     x - +3 ring of protection
rMut   .         Stasis   .     (no ring)
MR     .....                    (no ring)
Stlth  +++++.....               (no ring)
                                (no ring)
                                (no ring)
                                (no ring)

@: not resistant to hostile enchantments, quite stealthy
A: almost no armour, amphibious, 8 rings, constrict 8, camouflage 1, gelatinous
body 1
a: no special abilities


You were on level 7 of the Dungeon.
You were not hungry.

You visited 1 branch of the dungeon, and saw 7 of its levels.

You collected 191 gold pieces.

Inventory:

Hand Weapons
 p - a +0 rapier (weapon)
Missiles
 f - 120 stones (quivered)
 y - 18 sling bullets
Jewellery
 m - a +3 ring of dexterity (left tentacle)
 x - a +3 ring of protection (right tentacle)
Wands
 b - a wand of flame (6)
 c - a wand of enslavement (8)
 d - a wand of random effects (3)
 q - a wand of frost (20)
 s - a wand of cold (7)
Scrolls
 g - a scroll of recharging {unknown}
 h - 4 scrolls of identify {unknown}
 i - a scroll of enchant weapon {unknown}
 j - a scroll of remove curse {unknown}
 r - 2 scrolls of teleportation {unknown}
 t - a scroll of fog {unknown}
Potions
 a - a potion of curing {unknown}
 k - 2 potions of brilliance {unknown}
 l - a potion of ambrosia {unknown}
 n - 2 potions of degeneration {unknown}
 u - a potion of heal wounds {unknown}
 v - a potion of flight {unknown}
Comestibles
 e - 3 bread rations
 o - 3 meat rations


   Skills:
 - Level 1.0 Fighting
 - Level 1.0 Short Blades
 - Level 2.0 Dodging
 + Level 7.7 Stealth
 + Level 6.7 Evocations


You had 6 spell levels left.
You didn't know any spells.

Dungeon Overview and Level Annotations

Branches:
Dungeon (7/15)
 Temple: D:4-7

Altars:
Trog


Innate Abilities, Weirdness & Mutations

You cannot wear most types of armour.
You are amphibious.
You can wear up to eight rings at the same time.
You can use your tentacles to constrict eight enemies at once.
Your skin changes colour to match your surroundings (Stealth).
Your rubbery body absorbs attacks (AC +1).


Message History

The jackal bites you but does no damage.
The kobold hits your sky beast. Something bites you but does no damage.
Your sky beast flickers out of sight for a moment.
Your sky beast hits the kobold.
Your sky beast shocks the kobold.
The kobold dies!
The kobold hits your sky beast with a short sword.
A jackal and a skeleton come into view.
Evoke which item? (* to show all) (? for menu, Esc to quit)
Zapping:
d - a wand of random effects (4)
Press: ? - help, Shift-Dir - straight line, f - orc
Aim: an orc, wielding a hand axe and wearing a chain mail The bolt of cold hits something.
The bolt of cold hits the orc warrior.
The orc warrior is severely wounded.
The bolt of cold hits the orc.
You kill the orc!
This wand has 3 charges left.
The kobold barely misses your sky beast.
The jackal bites you but does no damage.
Something bites you!
You die...

#...... #......
....... #......
#...... #....KO
#....†Y###
.Z.hsKh@.#
....hK##)# ..
l...K.##o######....
........Fh.<.......
.).......ha.o...#.#
..sZ..#.........#
.....##..$.....(..#
...# #...........#
#.# #.....?......


You could see an orc warrior, an ogre, a giant frog, a scorpion, an iguana, a
worker ant, 5 jackals, 4 kobolds, a centaur skeleton and a friendly sky beast
(invisible).

Vanquished Creatures
  Duvessa (D:4)
  An ogre (D:5)
  A centaur (D:5)
  A crimson imp (D:6)
  A giant frog zombie (D:5)
  A quasit (D:5)
  A centaur skeleton (D:5)
  An orc wizard (D:6)
  An iguana (D:4)
  3 worker ants (D:4)
  3 adders (D:2)
  3 worms (D:2)
  14 orcs
  A ball python (D:1)
  A giant cockroach (D:5)
  2 goblins
  2 hobgoblins
  2 jackals (D:2)
  2 bats
  2 giant cockroach zombies (D:5)
  3 giant geckos
  A jackal zombie (D:5)
  3 kobolds
  3 quokkas
  A quokka zombie (D:6)
  3 rats
58 creatures vanquished.

Vanquished Creatures (collateral kills)
  An orc (D:7)
  2 kobolds (D:7)
3 creatures vanquished.

Vanquished Creatures (others)
  A troll (D:7)
  A centaur (D:7)
  Dowan (D:4)
3 creatures vanquished.

Grand Total: 64 creatures vanquished

Notes
Turn   | Place    | Note
--------------------------------------------------------------
     0 | D:1      | M4edhros the Octopode Artificer began the quest for the Orb.
     0 | D:1      | Reached XP level 1. HP: 13/13 MP: 3/3
   268 | D:1      | Reached XP level 2. HP: 16/18 MP: 4/4
   372 | D:2      | Reached XP level 3. HP: 14/23 MP: 5/5
   669 | D:2      | Reached skill level 4 in Evocations
  1167 | D:3      | Reached XP level 4. HP: 10/28 MP: 7/7
  1645 | D:4      | Noticed Dowan
  1647 | D:4      | Noticed Duvessa
  1662 | D:4      | Your ally died
  1664 | D:4      | Killed Duvessa
  1664 | D:4      | Reached skill level 5 in Stealth
  1664 | D:4      | Reached skill level 5 in Evocations
  1664 | D:4      | Reached XP level 5. HP: 33/33 MP: 8/8
  1896 | D:4      | Reached XP level 6. HP: 23/38 MP: 8/10
  1934 | D:5      | Entered Level 5 of the Dungeon
  2178 | D:5      | Reached skill level 6 in Stealth
  2386 | D:5      | Found a bloodstained altar of Trog.
  2822 | D:5      | Reached skill level 7 in Stealth
  2838 | D:5      | Reached XP level 7. HP: 33/43 MP: 11/11
  3050 | D:6      | Noticed a troll
  3106 | D:7      | Slain by a wyvern skeleton

Vault maps used:
D:1:      lightli_arrival_boilingwater, minivault_14, serial_park_tiny_1,
          grunt_decor_cap
D:3:      kennysheep_nub, minmay_misc_feat_iff, kennysheep_big_empty_room,
          hangedman_decor_opposing, ashenzari_altar_1
D:4:      serial_bayou_ford_a, minmay_misc_feat_x, serial_bayou_lagoon_a,
          uniq_duvessa, uniq_edmund
D:5:      first_bread, trog_butcher_becter

Action                   |  1- 3 |  4- 6 |  7- 9 || total
-------------------------+-------+-------+-------++-------
Melee: Short sword       |    50 |    16 |       ||    66
       Rapier            |       |    48 |    25 ||    73
Evoke: Wand              |     2 |    17 |     9 ||    28
 Stab: Sleeping          |     6 |     9 |     3 ||    18
  Eat: Chunk             |       |     4 |     3 ||     7
